cohdb
Replays
Latest Replays
All Replays
Popular Replays
Top Player Replays
Match Explorer
How It Works
Community
CoH3 Stats
Reddit
Sign in to upload your games and track your stats! →
Sign in with Steam
Match 39943250
Unlisted
Match 39943250
Overview
Messages
Build Orders
End
Construct Barracks
Riflemen Squad
Riflemen Squad
Riflemen Squad
Grenade Package
Riflemen Squad
Mechanized Support Center
Engineer Squad
Construct Tank Depot
Selects Airborne Battlegroup
Selects Heavy Machine Gun Paradrop
Selects Paratrooper Squad Paradrop
Selects Smoke Bombing Run
Selects Supply Drop
Selects Dual P-47 Rocket Strike
Dual P-47 Rocket Strike
Supply Drop
Paratrooper Squad Paradrop
M4A1 Sherman Medium Tank
Supply Drop
M4A1 Sherman Medium Tank
Paratrooper Squad Paradrop
Engineer Squad
M4A1 76mm Conversion
sebeck
Clock Sucker
MiLfschnitte
Nuclear Viking
Sailor
哈基连
0
0
Comments
sign in to comment!
No comments posted yet!